 Dungeon Crawl Stone Soup version 0.18.1-50-g88ac8fd (webtiles) character file.

2793 unrecovered the Insei (level 9, -6/64 HPs)
             Began as a Black Draconian Transmuter on Oct 27, 2016.
             Was a Priest of Makhleb.
             Killed by the air
             ... invoked by Gastronok
              (26 damage)
             ... on level 8 of the Dungeon.
             The game lasted 00:35:04 (7937 turns).

unrecovered the Insei (Black Draconian Transmuter)  Turns: 7937, Time: 00:35:04

Health: -6/64      AC:  2    Str: 14    XL:     9   Next: 43%
Magic:  13/16      EV: 26    Int: 13    God:    Makhleb [***...]
Gold:   384        SH:  0    Dex: 19    Spells: 4 memorised, 6 levels left

rFire  + . .     SeeInvis .       - Unarmed
rCold  . . .     Gourm    .     (armour unavailable)
rNeg   . . .     Faith    .     (shield currently unavailable)
rPois  x         Spirit   .     (helmet currently unavailable)
rElec  +         Dismiss  .     (cloak currently unavailable)
rCorr  .         Reflect  .     (gloves currently unavailable)
SustAt .         Harm     +     (boots currently unavailable)
MR     .....                    e - amulet of harm
Stlth  ++........               r - ring of Dim Light {+Fly rElec rF+}
                                x - ring of wizardry

@: spider-form (expiring), not resistant to hostile enchantments, unstealthy
A: (breathe lightning), unfitting armour, (electricity resistance),
(cold-blooded), AC +7
a: End Transformation, Minor Destruction, Lesser Servant of Makhleb, Renounce
Religion, Evoke Flight


You were on level 8 of the Dungeon.
You worshipped Makhleb.
Makhleb was most pleased with you.
You were not hungry.
You were a venomous arachnid creature.
You visited 1 branch of the dungeon, and saw 8 of its levels.

You collected 384 gold pieces.

Inventory:

Missiles
 a - 90 arrows
Armour
 d - a +2 pair of boots (melded)
 f - a +0 cloak (melded)
 i - a +2 pair of gloves (melded)
Jewellery
 e - an amulet of harm (around neck)
 j - a cursed -2 ring of strength
 o - a +3 amulet of reflection
 r - the ring of Dim Light (right front leg) {+Fly rElec rF+}
   (You found it on level 5 of the Dungeon)

   [ring of flight]

   It protects you from fire.
   It insulates you from electricity.
   It lets you fly.
 x - a ring of wizardry (left front leg)
Wands
 A - a wand of flame (38/48)
 C - a wand of slowing (11/48)
Scrolls
 g - a scroll of enchant weapon
Potions
 h - a potion of flight
 k - 4 potions of might
 s - 2 potions of ambrosia
 u - a potion of haste {unknown}
 v - a potion of cancellation {unknown}
 z - 2 potions of curing
Books
 b - a book of Changes

   Spells                             Type                      Level
   a - Beastly Appendage              Transmutation                1
   b - Sticks to Snakes               Transmutation                2
   c - Spider Form                    Transmutation/Poison         3
   d - Ice Form                       Ice/Transmutation            4
   e - Blade Hands                    Transmutation                5
Comestibles
 c - 5 bread rations
 l - 2 chunks of flesh
 m - 4 beef jerkies
 q - 4 meat rations
 B - 8 fruits


   Skills:
 - Level 1.1 Fighting
 + Level 6.5 Dodging
 + Level 7.6 Unarmed Combat
 + Level 4.8 Spellcasting
 + Level 7.3 Transmutations


You had 6 spell levels left.
You knew the following spells:

 Your Spells              Type           Power        Failure   Level  Hunger
a - Beastly Appendage     Trmt           ###...       1%          1    None
b - Sticks to Snakes      Trmt           ###.....     2%          2    ##.....
c - Spider Form           Trmt/Pois      ##........   13%         3    ###....
d - Blade Hands           Trmt           ###.......   22%         5    ######.


Dungeon Overview and Level Annotations

Branches:
Dungeon (8/15)             Temple (0/1) D:5
   Lair: D:8-11

Altars:
Dithmenos
Fedhas
Makhleb
Pakellas
Yredelemnul
Zin

Shops:
D:5 (

Annotations:
D:8 Gastronok


Innate Abilities, Weirdness & Mutations

((You can breathe wild blasts of lightning.))
((Your glossy black scales are hard (AC +7).))
Your body does not fit into most forms of armour.
((You are resistant to electric shocks.))
((You are cold-blooded and may be slowed by cold attacks.))


Message History

You bite Gastronok!
Gastronok is lightly wounded.
Your transformation is almost over.
The bat hits the fungus but does no damage.
The bat hits the plant but does no damage.
The bat hits the fungus but does no damage.
Gastronok bites you!
* * * LOW HITPOINT WARNING * * *
The orc misses you.
The bat hits the plant but does no damage. x3
The bat hits the fungus but does no damage. x3
A rat comes into view.
The bat hits the plant but does no damage.
The bat hits the fungus.
The bat hits the fungus but does no damage.
The bat hits the plant but does no damage.
The bat hits the fungus.
Gastronok waves his eye-stalks in wide circles.
The air twists around and strikes you!
You die...

..PPP...≈#'#≈.... ..##.##
...PP.P..'_'..#.# #.##...
PPPbP...†#'#≈##.# #.####.
PP.PPP.)≈≈.≈≈##.# #.####.
P.PP..w....####.# #.#....
.PP.P.....## #.###.#.###
PP.P....o.# #..##.#.# #
P.P......†# ##.##.#.# #
.Pr.....s.# #......# #
P..P......# #..#.#####
..P.......#######.#.#....
P...####......# #.#.#.###
P.## #..###.###.#.#.# #
..######..# #..[......# #
.....n..# ######..### #
............# #..# #
.......#....# #..# #


You could see Gastronok, a necrophage (wandering), an orc, a bat and a rat
(wandering).

Vanquished Creatures
  Psyche (D:8)
  Sigmund (D:6)
  A steam dragon (D:8)
  Edmund (D:6)
  An ice beast (D:7)
  A phantom (D:5)
  7 ogres
  2 centaurs
  The ghost of lanetrain the Ducker, an amateur SpAK of Lugonu (D:4)
  2 giant frogs (D:6)
  3 scorpions
  A howler monkey (D:6)
  A centaur zombie (D:5)
  A jelly (D:6)
  3 hounds
  An iguana (D:6)
  3 orc wizards
  8 worker ants
  A hound zombie (D:6)
  A hound skeleton (D:7)
  8 adders
  4 gnolls (D:5)
  A river rat (D:8)
  2 shadow imps (D:5)
  An ooze (D:3)
  An adder zombie (D:5)
  An adder skeleton (D:5)
  3 worms
  8 giant geckos
  18 orcs
  10 giant cockroaches
  9 goblins
  4 hobgoblins
  9 jackals
  11 kobolds
  5 quokkas
  5 bats
  4 giant newts
  6 rats
151 creatures vanquished.

Vanquished Creatures (others)
  A wolf spider (D:5)
  12 fungi (D:8)
  A plant (D:8)
14 creatures vanquished.

Grand Total: 165 creatures vanquished

Notes
Turn   | Place    | Note
--------------------------------------------------------------
     0 | D:1      | unrecovered the Draconian Transmuter began the quest for the Orb.
     0 | D:1      | Reached XP level 1. HP: 16/16 MP: 3/3
    95 | D:1      | Reached XP level 2. HP: 22/23 MP: 3/5
   519 | D:1      | Learned a level 2 spell: Sticks to Snakes
  1159 | D:2      | Reached XP level 3. HP: 24/28 MP: 4/6
  1717 | D:2      | Found a burning altar of Makhleb.
  1823 | D:2      | Became a worshipper of Makhleb the Destroyer
  2092 | D:2      | Reached XP level 4. HP: 34/35 MP: 5/7
  2297 | D:2      | Learned a level 3 spell: Spider Form
  2683 | D:3      | Found a blossoming altar of Fedhas.
  2823 | D:3      | Found a shadowy altar of Dithmenos.
  2915 | D:3      | Reached * piety under Makhleb
  3034 | D:3      | Reached XP level 5. HP: 29/40 MP: 8/8
  3595 | D:4      | Noticed lanetrain's ghost (amateur SpAK)
  3604 | D:4      | Killed lanetrain's ghost
  3810 | D:4      | Noticed an ogre
  3817 | D:4      | Noticed an ogre
  3819 | D:4      | Killed an ogre
  3819 | D:4      | Reached XP level 6. HP: 47/47 MP: 5/9
  3834 | D:4      | Reached skill level 5 in Unarmed Combat
  3902 | D:4      | Your scales start taking on a glossy black colour.
  3902 | D:4      | Reached XP level 7. HP: 35/52 MP: 8/10
  3902 | D:4      | Gained mutation: You are resistant to electric shocks. [Black Draconian growth]
  4027 | D:4      | Reached ** piety under Makhleb
  4318 | D:5      | Entered Level 5 of the Dungeon
  4341 | D:5      | Got a clouded silver ring
  4356 | D:5      | Reached skill level 5 in Transmutations
  4612 | D:5      | HP: 2/52 [shadow imp/nerve-wracking pain (2)]
  4932 | D:5      | Identified the ring of Dim Light {+Fly rElec rF+} (You found it on level 5 of the Dungeon)
  4987 | D:5      | Reached XP level 8. HP: 59/59 MP: 8/11
  5009 | D:5      | Found an oddly glowing altar of Pakellas.
  5009 | D:5      | Noticed a wolf spider
  5019 | D:5      | Killed a wolf spider
  5113 | D:5      | Found Sivod's Weapon Shop.
  5131 | D:5      | Reached skill level 5 in Dodging
  5177 | D:5      | Found a staircase to the Ecumenical Temple.
  5270 | D:5      | Found a glowing silver altar of Zin.
  5352 | D:6      | Noticed Edmund
  5363 | D:6      | Killed Edmund
  5527 | D:6      | Noticed Sigmund
  5548 | D:6      | Killed Sigmund
  5557 | D:6      | Reached *** piety under Makhleb
  5576 | D:6      | Learned a level 5 spell: Blade Hands
  6145 | D:7      | Found a basalt altar of Yredelemnul.
  6179 | D:7      | Reached XP level 9. HP: 40/64 MP: 12/15
  6849 | D:8      | Noticed Psyche
  6857 | D:8      | Killed Psyche
  7552 | D:8      | Noticed Gastronok
  7895 | D:8      | Found an oddly glowing altar of Pakellas.
  7937 | D:8      | Killed from afar by Gastronok

Skill      XL: |  1  2  3  4  5  6  7  8  9 |
---------------+----------------------------+-----
Dodging        | 2 3 4 6 |  6.5
Transmutations | 3 4 5 6 7 |  7.3
Unarmed Combat | 4 5 6 7 |  7.6
Spellcasting   | 4 |  4.8
Fighting       | |  1.1

Action                   |  1- 3 |  4- 6 |  7- 9 || total
-------------------------+-------+-------+-------++-------
Melee: Unarmed           |   118 |   143 |   281 ||   542
       Headbutt          |     9 |    10 |     4 ||    23
       Tailslap          |     9 |    10 |    18 ||    37
       Punch             |       |     3 |     4 ||     7
 Cast: Beastly Appendage |    19 |    12 |     4 ||    35
       Sticks to Snakes  |     1 |       |       ||     1
       Spider Form       |       |     4 |    26 ||    30
       Blade Hands       |       |       |     1 ||     1
 Abil: Breathe Lightning |       |       |     2 ||     2
  Use: Scroll            |       |     8 |    17 ||    25
       Potion            |       |       |     2 ||     2
 Stab: Sleeping          |     1 |       |     1 ||     2
  Eat: Chunk             |     4 |     7 |    12 ||    23
       Pizza             |       |       |     2 ||     2
       Beef jerky        |       |       |     1 ||     1
Armor: Skin              |    44 |    32 |    43 ||   119
Dodge: Dodged            |    69 |    74 |   185 ||   328
